 Dungeon Crawl Stone Soup version 0.25-a0-707-g603da076d2 (webtiles) character file.

Game seed: 436686266882565225, levelgen mode: deterministic

63 sanka the Digger (level 3, 14/14 HPs)
             Began as a Felid Wanderer on Apr 4, 2020.
             Quit the game on level 3 of the Dungeon.
             The game lasted 00:05:51 (2935 turns).

sanka the Digger (Felid Wanderer)                   Turns: 2935, Time: 00:05:51

Health: 14/14      AC:  1    Str:  8    XL:     3   Next: 87%
Magic:  8/8        EV: 15    Int: 14    God:
Gold:   56         SH:  0    Dex: 15    Spells: 5/8 levels left
                                        Lives:  0   Deaths: 1

rFire    . . .     SeeInvis +     - Unarmed
rCold    . . .     Gourm    .   (shield unavailable)
rNeg     . . .     Faith    .   (armour unavailable)
rPois    .         Spirit   .   (helmet unavailable)
rElec    .         Reflect  .   (cloak unavailable)
rCorr    .         Harm     .   (gloves unavailable)
MR       .....                  (boots unavailable)
Stlth    +++.......             (no amulet)
HPRegen  0.04/turn              f - ring of wizardry
MPRegen  0.11/turn              (no ring)

@: quick
A: very small, no armour, no weapons or thrown items, stealth, claws 1, fangs 3,
see invisible, carnivore, speed 1, shaggy fur 1, slow metabolism 1, sharp paws
a: no special abilities


You were on level 3 of the Dungeon.
You were not hungry.

You visited 1 branch of the dungeon, and saw 3 of its levels.

You collected 56 gold pieces.


Innate Abilities, Weirdness & Mutations

You cannot wear armour.
You are incapable of wielding weapons or throwing items.
Your paws allow you to move quietly. (Stealth)
You have sharp claws.
You have razor-sharp teeth.
You have supernaturally acute eyesight. (SInv)
You are carnivorous and can eat meat at any time.
You cover ground quickly.
You are covered in fur. (AC +1)
You have a slow metabolism.
Your sharp claws are effective at attacking unaware monsters.


   Skills:
 - Level 2.6 Stealth
 * Level 3.0 Unarmed Combat
 - Level 3.0 Spellcasting
 - Level 2.0 Conjurations
   Level 1.2 Charms
 - Level 2.0 Summonings
   Level 3.6 Earth Magic


You had 5 spell levels left.
You knew the following spells:

 Your Spells              Type           Power        Failure   Level  Hunger
x - Call Imp              Summ           #.......     6%          2    ##.....
z - Magic Dart            Conj           #...         4%          1    #......

Your spell library contained the following spells:

 Spells                   Type           Power        Failure   Level  Hunger
 Sting                    Tmut/Pois      #...         9%          1    #......
 Blink                    Tloc           N/A          13%         2    ##.....
 Slow                     Hex            #.......     13%         2    ##.....
 Conjure Flame            Conj/Fire      #.......     16%         3    ###....
 Mephitic Cloud           Conj/Pois/Air  #.......     19%         3    ###....
 Ignite Poison            Fire/Tmut/Pois #.......     26%         3    ###....

Inventory:

Missiles
 p - 61 stones
Jewellery
 f - a ring of wizardry (left paw)
Scrolls
 a - a scroll of blinking {unknown}
 c - 3 scrolls of teleportation {@r4}
 e - a scroll of identify {unknown}
 g - a scroll of random uselessness {unknown}
 h - a scroll of remove curse {unknown}
 k - 4 scrolls of amnesia {unknown}
 m - a scroll of enchant weapon {unknown}
Potions
 b - 2 potions of heal wounds {unknown}
 i - a potion of degeneration {unknown}
 j - a potion of curing {unknown}
 n - a potion of might {unknown}
 o - a potion of stabbing {unknown}
Comestibles
 d - 7 rations

Dungeon Overview and Level Annotations

Branches:
Dungeon (3/15)

Altars:
Fedhas

▒.▒ ... ▒.▒
▒▒▒▒▒▒ ▒.▒
▒....▒▒▒ ...
...(... ▒.▒▒▒
▒....▒ ▒o▒<▒
▒....▒ ▒▒▒▒▒)▒.▒
▒h...▒ .....)).▒
▒....▒ .....o..▒
.....▒ ....#...▒
......▒
...5....▒
...▒▒▒▒▒
........(. ....
.......▒▒▒......
....[..▒ ......
......)▒ .


There were no monsters in sight!


Message History

Aim: an orc wizard, wielding a +0 dagger and wearing a +0 robe (heavily wounded)
The magic dart hits the orc wizard.
The orc wizard is severely wounded.
The orc wizard casts a spell at you. The puff of flame hits you!
* * * LOW HITPOINT WARNING * * *
Unknown command.
You barely miss the orc wizard. You bite the orc wizard.
The orc wizard is almost dead.
The orc wizard casts a spell.
The orc wizard flickers and vanishes for a moment.
You scratch the orc wizard.
You kill the orc wizard!
Training target 2.0 for Summonings reached!
Your Unarmed Combat skill increases to level 3!
Your Summonings skill increases to level 2!
The orc throws a boomerang.
The boomerang misses you.
The weapon returns to the orc!
There is a stone staircase leading up here.
The orc throws a boomerang.
The boomerang hits you.
You stop ascending the stairs.
You die...
The weapon returns to the orc!
You are now level 3!
You rejoin the land of the living...
Found 15 bolts.
Are you sure you want to abandon this character and quit the game? (Confirm with "yes".)

Action                   |  1- 3 |  4- 6 || total
-------------------------+-------+-------++-------
Melee: Unarmed           |    28 |    18 ||    46
       Bite              |     2 |     2 ||     4
 Cast: Magic Dart        |    93 |     9 ||   102
       Call Imp          |     6 |     5 ||    11
 Stab: Distracted        |     1 |       ||     1
       Sleeping          |     1 |       ||     1
  Eat: Chunk             |    11 |     1 ||    12
Armor: Skin              |     2 |       ||     2
Dodge: Dodged            |    48 |    11 ||    59

Levels and vault maps discovered:
D:1:      dpeg_arrival_erosion, layout_rooms, glass_columns_c
D:2:      layout_basic, fedhas_altar_3
D:3:      layout_basic, lemuel_round_altar, uniq_robin, uniq_sigmund,
          uniq_natasha, uniq_crazy_yiuf_cottage

Notes
Turn   | Place    | Note
-------+----------+-------------------------------------------
     0 | D:1      | sanka the Felid Wanderer began the quest for the Orb.
     0 | D:1      | sanka set off with the following items: a scroll of
                  | teleportation {@r4}, a ration; and the following spells
                  | available to memorise: Magic Dart, Sting, Blink, Call Imp,
                  | Slow, Conjure Flame, Ignite Poison, Mephitic Cloud
     0 | D:1      | Reached XP level 1. HP: 7/7 MP: 5/5
     2 | D:1      | Learned a level 1 spell: Magic Dart
    98 | D:1      | Reached skill level 1 in Conjurations
   269 | D:1      | Reached XP level 2. HP: 11/11 MP: 1/7
   401 | D:2      | Learned a level 2 spell: Call Imp
   979 | D:2      | Reached skill level 1 in Unarmed Combat
  1018 | D:2      | Found a blossoming altar of Fedhas.
  1109 | D:2      | Reached XP level 3. HP: 14/14 MP: 2/8
  1482 | D:2      | Reached skill level 2 in Conjurations
  1626 | D:1      | Reached skill level 1 in Summonings
  2078 | D:1      | Reached skill level 2 in Unarmed Combat
  2655 | D:3      | Reached XP level 4. HP: 8/18 MP: 1/9
  2677 | D:3      | Noticed Natasha
  2845 | D:3      | Killed Natasha
  2930 | D:3      | HP: 1/18 [orc wizard/puff of flame (7)]
  2932 | D:3      | Reached skill level 3 in Unarmed Combat
  2932 | D:3      | Reached skill level 2 in Summonings
  2934 | D:3      | Hit by a boomerang thrown by an orc
  2935 | D:3      | Reached XP level 3. HP: 0/14 MP: 1/8
  2935 | D:3      | Quit the game

Vanquished Creatures
  An orc wizard (D:3)
  An ooze (D:2)
  2 dart slugs
  2 leopard geckos
  3 orcs (D:3)
  2 giant cockroaches (D:2)
  5 goblins
  3 hobgoblins
  7 jackals (D:1)
  4 kobolds
  4 bats
  6 frilled lizards
  4 rats
44 creatures vanquished.

Vanquished Creatures (collateral kills)
  Natasha (D:3)
  3 adders
  An ooze (D:3)
  2 orcs (D:3)
  A hobgoblin (D:2)
8 creatures vanquished.

Grand Total: 52 creatures vanquished
